 Dungeon Crawl Stone Soup version 0.22.1-1-ga44c0e5 (webtiles) character file.

237 Fang the Skirmisher (level 6, -1/39 HPs)
             Began as a Gargoyle Berserker on Oct 5, 2018.
             Was a Believer of Trog.
             Slain by an orc priest
             ... wielding a +0 whip
              (2 damage)
             ... on level 3 of the Dungeon.
             The game lasted 00:03:03 (3185 turns).

Fang the Skirmisher (Gargoyle Berserker)            Turns: 3185, Time: 00:03:04

Health: -1/39      AC:  6    Str: 22    XL:     6   Next: 6%
Magic:  6/6        EV: 12    Int:  8    God:    Trog [**....]
Gold:   137        SH:  0    Dex:  9    Spells: 5/5 levels left

rFire    + + .     SeeInvis .   a - +0 hand axe
rCold    . . .     Gourm    +   (no shield)
rNeg     + . .     Faith    .   b - +0 animal skin
rPois    ∞         Spirit   .   (no helmet)
rElec    +         Reflect  .   (no cloak)
rCorr    +         Harm     .   (no gloves)
MR       .....                  (no boots)
Stlth    +.........             g - amulet of the gourmand
HPRegen  0.13/turn              i - ring of fire
MPRegen  0.10/turn              (no ring)

@: resistant, berserk cooldown, slowed, very slow
A: negative energy resistance 1, electricity resistance, unbreathing,
petrification resistance, rot immunity, AC +4
a: Berserk, Trog's Hand, Renounce Religion


You were on level 3 of the Dungeon.
You worshipped Trog.
Trog was pleased with you.
You were very full.

You visited 1 branch of the dungeon, and saw 3 of its levels.

You collected 137 gold pieces.

Inventory:

Hand Weapons
 a - a +0 hand axe (weapon)
Armour
 b - a +0 animal skin (worn)
Jewellery
 g - an amulet of the gourmand (around neck)
 i - a ring of fire (left hand)
 r - an uncursed amulet of the acrobat
Wands
 o - a wand of digging (17)
Scrolls
 d - a scroll of magic mapping {unknown}
 e - 2 scrolls of remove curse {unknown}
 h - a scroll of blinking {unknown}
 k - a scroll of amnesia {unknown}
 m - a scroll of enchant weapon {unknown}
 n - a scroll of identify {unknown}
 p - a scroll of teleportation {unknown}
 t - a scroll of fear {unknown}
Potions
 f - 2 potions of haste {unknown}
 j - a potion of resistance
 l - a potion of flight {unknown}
 s - a potion of magic {unknown}
Comestibles
 c - 4 rations


   Skills:
 + Level 4.5 Fighting
 + Level 4.4 Axes
 + Level 2.4 Armour
 + Level 2.9 Dodging
 + Level 0.5 Stealth


You had 5 spell levels left.
You didn't know any spells.
Your spell library was empty.

Dungeon Overview and Level Annotations

Branches:
Dungeon (3/15)

Altars:
Elyvilon


Innate Abilities, Weirdness & Mutations

You are resistant to torment.
Your stone body is resilient. (AC +4)
You are immune to poison.
You resist negative energy. (rN+)
You are resistant to electric shocks. (rElec)
You can survive without breathing.
You are immune to petrification.
You are immune to rotting.


Message History

Beogh smites you!
* * * LOW HITPOINT WARNING * * *
Unknown command.
You hit the orc priest but do no damage.
The orc priest is moderately wounded.
You barely miss the kobold. The kobold hits you but does no damage.
The orc priest closely misses you. The kobold barely misses you.
The orc priest hits you but does no damage.
Unknown command.
It was a potion of resistance.
You feel protected. The kobold barely misses you.
The orc priest hits you with a whip.
* * * LOW HITPOINT WARNING * * *
Unknown command.
You barely miss the orc priest.
The orc priest is moderately wounded.
You completely miss the kobold. The kobold hits you but does no damage.
The orc priest barely misses you. The kobold closely misses you.
The orc priest hits you with a whip.
You die...

#....# #....#
########....#
#........... #.........#
##........(#############
.........))...(.........
#......)(.#############
#.....@.).# #
#....Ko...# #
#.........# #
............. ....#####
...########### #........
... #####.#..#### ..
...........##
...........##
........#..##


You could see an orc priest and a kobold.

Vanquished Creatures
  A scorpion (D:3)
  An orc priest (D:3)
  An iguana (D:2)
  3 adders
  A gnoll (D:1)
  3 dart slugs
  2 worms
  6 leopard geckos
  4 orcs (D:3)
  6 bats
  3 giant cockroaches
  4 goblins
  11 hobgoblins
  12 jackals
  3 kobolds
  A ball python (D:2)
  6 frilled lizards
  9 rats
77 creatures vanquished.

Notes
Turn   | Place    | Note
-------+----------+-------------------------------------------
     0 | D:1      | Fang the Gargoyle Berserker began the quest for the Orb.
     0 | D:1      | Reached XP level 1. HP: 14/14 MP: 1/1
    20 | D:1      | Reached XP level 2. HP: 10/19 MP: 2/2
   700 | D:1      | Reached XP level 3. HP: 24/24 MP: 3/3
  1119 | D:1      | Reached ** piety under Trog
  1534 | D:2      | Reached XP level 4. HP: 29/29 MP: 4/4
  2133 | D:2      | Found a white marble altar of Elyvilon.
  2699 | D:3      | Reached XP level 5. HP: 26/33 MP: 5/5
  3175 | D:3      | Reached XP level 6. HP: 21/39 MP: 6/6
  3182 | D:3      | HP: 1/39 [orc priest/divine providence (14)]
  3185 | D:3      | Slain by an orc priest

Skill      XL: |  1  2  3  4  5 |
---------------+----------------+-----
Axes           | 3 4 |  4.4
Fighting       | 4 |  4.5
Dodging        | 2 |  2.9
Armour         | |  2.4
Stealth        | |  0.5

Action                   |  1- 3 |  4- 6 || total
-------------------------+-------+-------++-------
Melee: Hand axe          |   108 |   132 ||   240
Invok: Berserk           |     1 |     2 ||     3
  Use: Potion            |       |     1 ||     1
  Eat: Chunk             |    12 |     5 ||    17
Armor: Animal skin       |    33 |    48 ||    81
Dodge: Dodged            |    84 |   109 ||   193
